 Dungeon Crawl Stone Soup version 0.31-a0-200-gbc41564c69 (webtiles) character file.

Game seed: 6174328471508369012

73 qw the Shooter (level 4, 0/25 HPs)
             Began as a Deep Elf Hunter on June 25, 2023.
             Slain by a goblin
             ... wielding a +2 dagger of freezing
             ... led by Robin
              (2 damage)
             ... on level 2 of the Dungeon.
             The game lasted 00:00:35 (1455 turns).

qw the Shooter (Deep Elf Hunter)                    Turns: 1455, Time: 00:00:35

Health: 0/25       AC:  4    Str: 10    XL:     4   Next: 8%
Magic:  6/6        EV: 12    Int: 14    God:
Gold:   90         SH:  0    Dex: 18    Spells: 3/3 levels left

rFire   . . .        Y - +0 shortbow
rCold   . . .        (shield currently unavailable)
rNeg    . . .        c - +0 leather armour
rPois   .            g - +0 helmet
rElec   .            (no cloak)
rCorr   .            (no gloves)
SInv    .            (no boots)
Will    .....        (no amulet)
Stlth   ++           (no ring)
HPRegen 0.24/turn    (no ring)
MPRegen 0.10/turn

%: no passive effects
@: no status effects
A: no striking features
a: no special abilities


You were on level 2 of the Dungeon.
You visited 1 branch of the dungeon, and saw 2 of its levels.

You collected 90 gold pieces.


   Skills:
 - Level 1.5 Fighting
 + Level 7.5 Ranged Weapons
 - Level 2.4 Dodging
 - Level 1.2 Stealth


You had 3 spell levels left.
You didn't know any spells.
Your spell library was empty.

Inventory:

Hand Weapons
 Y - a +0 shortbow (weapon)
Armour
 c - a +0 leather armour (worn)
 g - a +0 helmet (worn)
Potions
 a - a potion of enlightenment {unknown}
 b - a potion of curing {unknown}
 d - a potion of heal wounds {unknown}
 i - a potion of lignification {unknown}
 k - a potion of berserk rage {unknown}

Dungeon Overview and Level Annotations

Branches:
Dungeon (2/15)

Altars:

Annotations:
D:2 Robin


Message History

You shoot an arrow. The arrow barely misses the goblin.
The hobgoblin hits you. The goblin barely misses you.
1444 ||| Stepping ~*~*~tactically~*~*~ (outnumbered).
You shoot an arrow. The arrow hits the hobgoblin.
You kill the hobgoblin!
You shoot an arrow.
The arrow hits the goblin but does no damage.
Robin throws the goblin at you! The goblin hits you with a +0 club. x2
You shoot an arrow. The arrow hits the goblin.
You kill the goblin!
The goblin no longer looks unusually strong.
The goblin hits you with a +0 club. Robin barely misses you.
You shoot an arrow. The arrow hits the goblin.
You kill the goblin!
Robin roars a battlecry!
You hear a shout!
You shoot an arrow. The arrow closely misses Robin.
Robin throws the goblin at you!
You shoot an arrow. The arrow barely misses the goblin.
The goblin no longer looks unusually strong.
The goblin hits you but does no damage.
Robin roars a battlecry!
The goblin goes into a battle-frenzy!
You shoot an arrow. The arrow hits the goblin!
You kill the goblin!
Robin says, "A pitiful Elf like you will never find the ORB!"
Robin barely misses you.
You shoot an arrow. The arrow barely misses Robin.
Robin closely misses you.
You shoot an arrow. The arrow barely misses Robin.
Robin roars a battlecry!
You shoot an arrow. The arrow barely misses Robin.
You hear a shout!
Robin throws the goblin at you! The goblin hits you with a +0 dagger.
You shoot an arrow. The arrow hits the goblin!
You kill the goblin!
Robin throws the goblin at you!
The goblin hits you with a +2 dagger of freezing.
The goblin freezes you.
You die...

# # ##### ....#
###.# ..#.# #####
#...########...#####
#..............g@).#
###.########...###g#
#...# ##### )# #.###
g# ..#### .#
.....####### g#
.....#.....# g#
...#.#.....# ..
...........#


You could see Robin and a goblin (strong).

Vanquished Creatures
  An adder (D:2)
  2 worms (D:2)
  2 dart slugs (D:2)
  5 ball pythons
  5 bats
  3 endoplasms (D:1)
  11 goblins
  3 hobgoblins
  4 jackals (D:1)
  7 kobolds
  A quokka (D:2)
  5 frilled lizards
  2 rats (D:1)
51 creatures vanquished.

Notes
Turn   | Place    | Note
-------+----------+-------------------------------------------
     0 | D:1      | qw the Deep Elf Hunter began the quest for the Orb.
     0 | D:1      | Reached XP level 1. HP: 12/12 MP: 3/3
     0 | D:1      | 0 ||| qw: Version: 0.3-a-22-g0ed2b0b
     0 | D:1      | 0 ||| qw: Game counter: 5518
     0 | D:1      | 0 ||| qw: Melee chars always use a shield: true
     0 | D:1      | 0 ||| qw: God list: Okawaru
     0 | D:1      | 0 ||| qw: Allow faded altars: false
     0 | D:1      | 0 ||| qw: Do Orc after clearing Dungeon:15 true
     0 | D:1      | 0 ||| qw: Do second Lair branch before Depths: true
     0 | D:1      | 0 ||| qw: Lair rune preference: random
     0 | D:1      | 0 ||| qw: Goals: Normal
     0 | D:1      | 0 ||| PLANNING D:1-11
   202 | D:1      | Reached XP level 2. HP: 16/16 MP: 4/4
   205 | D:1      | Reached skill level 6 in Ranged Weapons
   785 | D:1      | Reached XP level 3. HP: 20/20 MP: 5/5
   881 | D:1      | 881 ||| UPGRADING to +0 helmet.
   886 | D:1      | 886 ||| READING scroll labelled LAITAN WIAJOCO.
   987 | D:1      | 987 ||| READING scroll labelled GIENEY ORAST.
   988 | D:1      | 988 ||| READING scroll labelled KOERPH KITEEBA.
   989 | D:1      | 989 ||| READING scroll labelled SIJIAC ULUROLL.
   990 | D:1      | 990 ||| DROPPING scroll of butterflies.
  1032 | D:2      | 1032 ||| STAIRDANCE
  1194 | D:2      | Reached skill level 7 in Ranged Weapons
  1270 | D:2      | HP: 5/20 [worm (7)]
  1385 | D:2      | 1385 ||| FLEEEEING.
  1386 | D:2      | 1386 ||| FLEEEEING.
  1387 | D:2      | 1387 ||| FLEEEEING.
  1432 | D:2      | Noticed Robin
  1434 | D:2      | 1434 ||| Stepping ~*~*~tactically~*~*~ (outnumbered).
  1436 | D:2      | 1436 ||| Stepping ~*~*~tactically~*~*~ (outnumbered).
  1440 | D:2      | Reached XP level 4. HP: 25/25 MP: 6/6
  1440 | D:2      | 1440 ||| Stepping ~*~*~tactically~*~*~ (outnumbered).
  1444 | D:2      | 1444 ||| Stepping ~*~*~tactically~*~*~ (outnumbered).
  1454 | D:2      | HP: 6/25 [goblin/+0 dagger[Robin] (4)]
  1455 | D:2      | HP: 2/25 [goblin/+2 dagger of freezing[Robin] (4)]
  1455 | D:2      | Slain by a goblin

Levels and vault maps discovered:
D:1:      matt_arrival_spirals, layout_basic
D:2:      layout_loops_cross, basic_altar, uniq_robin

Skill      XL: |  1  2  3 |
---------------+----------+-----
Ranged Weapons | 6 7 |  7.5
Fighting       | |  1.5
Dodging        | |  2.4
Stealth        | |  1.2

Action                     |  1- 3 |  4- 6 || total
---------------------------+-------+-------++-------
   Fire: Shortbow          |   136 |    13 ||   149
    Use: Scroll            |     4 |       ||     4
 Armour: Leather armour    |    14 |     3 ||    17
  Dodge: Dodged            |    36 |     4 ||    40

Table legend:
 A = Non-vault XP
 B = Vault XP
 C = Vault XP percentage of total XP
 D = Non-vault monster count
 E = Vault monster count
 F = Vault count percentage of total count
                 A         B        C        D         E       F
            +---------+---------+-------+---------+---------+-------
      Total |      92 |      15 |  14.0 |      43 |       8 |  15.7
            +---------+---------+-------+---------+---------+-------
        D:1 |      48 |       0 |   0.0 |      29 |       0 |   0.0
        D:2 |      44 |      15 |  25.4 |      14 |       8 |  36.4
            +---------+---------+-------+---------+---------+-------
